 Dungeon Crawl Stone Soup version 0.28-a0-172-g787e458d71 (webtiles) character file.

Game seed: 13511900663643538269

53 Anon1729 the Slasher (level 3, -4/33 HPs)
             Began as a Minotaur Monk on Aug 16, 2021.
             Slain by a gnoll (6 damage)
             ... on level 2 of the Dungeon.
             The game lasted 00:01:06 (1037 turns).

Anon1729 the Slasher (Minotaur Monk)                Turns: 1037, Time: 00:01:06

Health: -4/33      AC:  2    Str: 16    XL:     3   Next: 64%
Magic:  2/2        EV: 13    Int:  7    God:
Gold:   47         SH:  0    Dex: 12    Spells: 2/2 levels left

rFire   . . .      SeeInvis .   a - +0 falchion
rCold   . . .      Faith    .   (no shield)
rNeg    . . .      Spirit   .   b - +0 robe
rPois   .          Reflect  .   (helmet restricted)
rElec   .          Harm     .   (no cloak)
rCorr   .          Rampage  .   (no gloves)
Will    .....                   (no boots)
Stlth   ++........              (no amulet)
HPRegen 0.11/turn               (no ring)
MPRegen 0.08/turn               (no ring)

@: no status effects
A: horns 2, retaliatory headbutt
a: no special abilities


You were on level 2 of the Dungeon.
You visited 1 branch of the dungeon, and saw 2 of its levels.

You collected 47 gold pieces.

Inventory:

Hand Weapons
 a - a +0 falchion (weapon)
Armour
 b - a +0 robe (worn)
Potions
 c - a potion of heal wounds {unknown}
 d - a potion of resistance {unknown}
 e - a potion of might {unknown}


   Skills:
 + Level 4.1 Fighting
 * Level 4.4 Long Blades
 + Level 1.2 Armour
 + Level 3.7 Dodging
 - Level 1.8 Stealth


You had 2 spell levels left.
You didn't know any spells.
Your spell library was empty.

Dungeon Overview and Level Annotations

Branches:
Dungeon (2/15)

Altars:


Innate Abilities, Weirdness & Mutations

You have a pair of horns on your head.
You reflexively headbutt those who attack you in melee.


Message History

The hobgoblin is heavily wounded.
The gnoll hits you from afar with a +0 spear!
The gnoll closely misses you. You furiously retaliate!
You headbutt the gnoll.
You kill the gnoll!
You are too injured to fight recklessly!
You are too injured to fight recklessly!
You are too injured to fight recklessly!
You are too injured to fight recklessly!
You are too injured to fight recklessly!
You are too injured to fight recklessly!
You are too injured to fight recklessly!
You are too injured to fight recklessly!
You are too injured to fight recklessly!
You are too injured to fight recklessly!
You are too injured to fight recklessly!
You are too injured to fight recklessly!
You are too injured to fight recklessly!
You are too injured to fight recklessly!
You are too injured to fight recklessly!
You are too injured to fight recklessly!
You are too injured to fight recklessly!
You are too injured to fight recklessly!
Unknown command.
The jackal misses you.
The gnoll hits you from afar with a +0 spear.
Things that are here:
a +0 spear; a gnoll corpse The jackal bites you.
* * * LOW HITPOINT WARNING * * *
A jackal comes into view.
The jackal bites you.
* * * LOW HITPOINT WARNING * * *
There is an escape hatch in the ceiling, spattered with blood here.
The hobgoblin barely misses you. The jackal bites you.
* * * LOW HITPOINT WARNING * * *
The jackal closely misses you. You furiously retaliate!
You headbutt the jackal!
You kill the jackal!
The gnoll hits you from afar with a +0 spear.
You die...

## .. ##. ##. #... .......
#..#+# #.#.###.....
#.#..#.# .....#...g
#.#...<# #.#h#.hg #.##.#.#
#..@#g. #....#†## ##g.#g#
# ........# .####.g#.# ...
........##.......g.##.....
........########...†......
####...## #..###.....
#.### #..# .... ####.##
#..# ... ......# #..# ..
..


You could see a gnoll, a jackal and 2 hobgoblins.

Vanquished Creatures
  An adder (D:2)
  A gnoll (D:2)
  2 dart slugs
  3 ball pythons (D:1)
  2 bats (D:1)
  3 endoplasms
  A giant cockroach (D:1)
  3 goblins (D:1)
  2 hobgoblins
  3 jackals
  3 quokkas
  A frilled lizard (D:2)
  2 kobolds (D:1)
  2 rats (D:1)
29 creatures vanquished.

Notes
Turn   | Place    | Note
-------+----------+-------------------------------------------
     0 | D:1      | Anon1729 the Minotaur Monk began the quest for the Orb.
     0 | D:1      | Reached XP level 1. HP: 19/19 MP: 0/0
    91 | D:1      | Reached XP level 2. HP: 26/27 MP: 1/1
   814 | D:2      | Reached XP level 3. HP: 30/33 MP: 2/2
   926 | D:2      | Reached skill level 1 in Armour
  1037 | D:2      | Slain by a gnoll

Illustrated notes

Levels and vault maps discovered:
D:1:      lemuel_arrival_behind_the_door_large, layout_basic,
          lemuel_old_faithful
D:2:      layout_basic, minmay_misc_feat_rows

Skill      XL: |  1  2  3 |
---------------+----------+-----
Long Blades    | 4 |  4.4
Fighting       | 4 |  4.1
Armour         | 1 |  1.2
Dodging        | |  3.7
Stealth        | |  1.8

Action                   || total
-------------------------++-------
Melee: Falchion          ||    49
       Headbutt          ||     5
 Stab: Sleeping          ||     7
Armor: Robe              ||     4
Dodge: Dodged            ||    29
       Rpst.: Falchion   ||     7

Table legend: (Time is in decaauts)
 A = Elapsed time spent in this place.
 B = Non-inter-level travel time spent in this place.
 C = Inter-level travel time spent in this place.
 D = Time resting spent in this place.
 E = Time spent auto-exploring this place.
 F = Levels seen in this place.
 G = Mean time per level.
                   A        B        C        D        E       F      G
               +--------+--------+--------+--------+--------+-----+--------+
         Total |   1041 |   1031 |     10 |      0 |    885 |   2 |  520.5 |
       Dungeon |   1041 |   1031 |     10 |      0 |    885 |   2 |  520.5 |
               +--------+--------+--------+--------+--------+-----+--------+

Top non-repeatable levels by time:
     D:1: 812 daAuts
     D:2: 229 daAuts
